Gerg, neutral male human Wizard ------ --.|.--.- |........--- ----- --- --.........|--.|.|.--... |...---...||....^...... ---- --..--.....[.---. -.- --- --....%.....| |...||..- --- --......... --- ---- |...--....--.----.........---.. . .| ----..|--..| --............--..-- .......)....-- ..-##---.|...--.<.| |(.............----.....I%.......--- #......|.#......)..----------- --.........^........................ ...............).).....[......-- -..... -............------.>....--------- -...-.---...(.----..-------....| |...- --..... ....-- --..............|---..[.-- --...-- ---- --....| --- ---...... .....---|.........-----.--...--%--- --.-- |..).- --................---.........- -....---|...| --- --...-- -.............^............... ......-- ---.-- |....| |...............-------...---- ---...-- --..-- --.--- -...........-- |...| ---..| |....| --- --..|.------ --..| |..| --..-- ------ --- ---- ---- Gerg the Thaumaturge Experience level: 7 Strength: 11 Dexterity: 15 Constitution: 13 Intelligence: 18 Wisdom: 11 Charisma: 12 Health: 0(40) Energy: 21(59) Def: 4 Gold: 423 Moves: 3600 Dungeon seed: XV_K0c-SMkU4htTo Game ID: Gerg_1514356321 Your Inventory: Coins $ - 423 gold pieces Weapons a - a blessed +1 quarterstaff (weapon in hands) n - 16 +0 darts (in quiver) v - a poisoned +0 dart C - a +0 sling G - 10 +0 daggers K - a blessed +0 dagger N - 15 +0 arrows O - a +0 bow S - 6 cursed -1 darts X - a blessed +0 dart Armor e - a blessed +0 cloak of magic resistance (being worn) y - a blessed +1 pair of iron shoes (being worn) Comestibles J - an uncursed tripe ration Scrolls h - 2 uncursed scrolls of blank paper i - a blessed scroll of magic mapping j - an uncursed scroll of food detection k - a blessed scroll of taming H - an uncursed scroll of enchant armor Spellbooks l - a blessed spellbook of force bolt m - an uncursed spellbook of wizard lock q - an uncursed spellbook of sleep Potions f - an uncursed potion of object detection g - an uncursed potion of water r - a cursed potion of gain energy R - an uncursed potion of full healing Rings c - an uncursed ring of polymorph d - an uncursed ring of searching (on left hand) t - an uncursed ring of searching (on right hand) Wands b - a wand of polymorph (0:7) p - a wand of fire (0:3) u - a wand of digging (0:4) B - a blessed wand of striking (0:2) W - a wand of magic missile (0:4) Tools s - 2 cursed wax candles (0:400) E - an uncursed skeleton key Q - an uncursed skeleton key Spells and supernatural/magical abilities: Name Level Category Fail Memory a - force bolt 1 attack 0% 83% w - wizard lock 2 matter 51% 83% z - sleep 1 enchantment 0% 85% W - pray for help -- divine ? -- Your skills at the end: Fighting Skills Weapon Skills quarterstaff [Basic] Spellcasting Skills attack spells [Basic] enchantment spells [Basic] Final Attributes: You were piously aligned. You were magic-protected. You had automatic searching. You are dead. Vanquished creatures: a gnome king a brown pudding a gold golem 2 dust vortices 8 gnome lords 4 gnomish wizards a kobold mummy an elf zombie a paper golem a giant ant a floating eye 8 dwarves 2 hill orcs 3 monkeys 2 hobbits 3 large kobolds a hobgoblin a green mold a red mold 24 gnomes a gecko 2 jackals a fox a kobold 4 goblins a sewer rat 3 grid bugs 6 newts 86 creatures vanquished. Voluntary challenges: You were an atheist. You used a wielded weapon 65 times, starting on turn 2. You read items or engraved 2 times, starting on turn 505. You never genocided any monsters. You never polymorphed an object. You never changed form. You used no wishes. You never split a pudding. You never wrote Elbereth's name. You violated your moral code, losing 4 points of alignment, starting on turn 2568. Dungeon overview: The Dungeons of Doom: levels 1 to 4 Level 1 some fountains a long staircase Level 2 a scroll shop Level 3 a potion shop, an altar to Anhur Level 4 stairs to The Gnomish Mines The Gnomish Mines: levels 5 to 8 Level 5 stairs to The Dungeons of Doom Level 6 Level 7 <- You were here Level 8 History has recorded: On T:1 you entered the Dungeons of Doom to retrieve the Amulet of Yendor! On T:469 you reached level 2 of The Dungeons of Doom. On T:659 you advanced to experience level 2. On T:874 you reached level 3 of The Dungeons of Doom. On T:1037 you advanced to experience level 3. On T:1080 you reached level 4 of The Dungeons of Doom. On T:1222 you reached level 1 of The Gnomish Mines. On T:1480 you advanced to experience level 4. On T:1764 you reached level 2 of The Gnomish Mines. On T:1771 you advanced to experience level 5. On T:2305 you reached level 3 of The Gnomish Mines. On T:2485 you advanced to experience level 6. On T:2841 you reached level 4 of The Gnomish Mines. On T:3531 you advanced to experience level 7. Score breakdown: Gold: 423 ( 8937 points) Experience: 7 levels (13645 points) Exploration: 8 levels ( 16.67%) (11577 points) Discoveries: 7 items ( 2.44%) ( 4685 points) Valuables value: (no points given unless you survive) Artifact value: 0 ( 0 points) Variety of kills: 28 monsters ( 7.35%) ( 8132 points) Turncount: 3600 turns ( -869 points) Survival: died (score multiplied by 80%) Total score: 36885 Latest messages: The spell misses the giant ant. The giant ant bites! (2x) The sleep ray hits the giant ant. You hit the giant ant! You hit the giant ant. You kill the giant ant! Pick an object. A giant beetle on the floor of a room. Pick an object. A giant beetle on the floor of a room. The sleep ray hits the giant beetle. The sleep ray bounces! The sleep ray hits the giant beetle. The sleep ray hits you! It bites! (8x) You die... Final status: Goodbye Gerg the Wizard, killed by a giant ant, while sleeping... You died in The Gnomish Mines on dungeon level 7 with 36885 points, and 423 pieces of gold, after 3600 moves. You were level 7 with a maximum of 40 hit points when you died.